 Dungeon Crawl Stone Soup version 0.25-a0-665-ga69d64035b (webtiles) character file.

Game seed: 2079472672598628679, levelgen mode: deterministic

78604 Error4North the Severer (level 15, -1/141 HPs)
             Began as a Hill Orc Fighter on Mar 26, 2020.
             Was the Champion of Okawaru.
             Splashed by an oklob plant's acid (17 damage)
             ... on level 5 of the Lair of Beasts.
             The game lasted 02:07:03 (23311 turns).

Error4North the Severer (Hill Orc Fighter)         Turns: 23311, Time: 02:07:03

Health: -1/141     AC: 12    Str: 30    XL:     15   Next: 60%
Magic:  14/19      EV: 27    Int: 13    God:    Okawaru [******]
Gold:   2604       SH: 16    Dex: 24    Spells: 18/18 levels left

rFire    . . .     SeeInvis +   T - +6 war axe "Beetleslayer" {speed, Dex+3 SInv}
rCold    + + +     Gourm    .   c - +0 kite shield
rNeg     + + .     Faith    .   N - +3 plate armour of Okawaru's Whim {rPois rN+ Dex-3}
rPois    +         Spirit   .   O - +0 helmet {SInv}
rElec    +         Reflect  .   s - +2 cloak
rCorr    .         Harm     .   i - +3 pair of gloves of the Pit {*Slow rElec rC+++ Regen+}
MR       +....                  n - +2 pair of boots "Noli" {Dex+9}
Stlth    ..........             W - amulet "Tiulisir" {Acrobat rC+ rN+ Int+4 Dex+4}
HPRegen  0.73/turn              u - +2 ring of evasion
MPRegen  0.16/turn              X - +6 ring of strength

@: finesse, corroded, acrobat
A: no striking features
a: Heroism, Finesse, Renounce Religion


You were on level 5 of the Lair of Beasts.
You worshipped Okawaru.
Okawaru was exalted by your worship.
You were not hungry.

You visited 4 branches of the dungeon, and saw 22 of its levels.
You also visited: Bailey and Volcano.

You collected 2748 gold pieces.
You spent 144 gold pieces at shops.

Inventory:

Hand Weapons
 b - a +5 war axe of flaming
 T - the +6 war axe "Beetleslayer" (weapon) {speed, Dex+3 SInv}
   (Okawaru gifted it to you on level 2 of the Lair of Beasts)

   Attacks with this weapon are significantly faster.
   It affects your dexterity (+3).
   It lets you see invisible.
Missiles
 A - 26 boomerangs (quivered)
 R - 2 silver boomerangs
Armour
 c - a +0 kite shield (worn)
 i - the +3 pair of gloves of the Pit (worn) {*Slow rElec rC+++ Regen+}
   (You found it in a volcano)

   It renders you almost immune to cold.
   It insulates you from electricity.
   It increases your rate of regeneration.
   It may slow you when you take damage.
 n - the +2 pair of boots "Noli" (worn) {Dex+9}
   (Okawaru gifted it to you on level 12 of the Dungeon)

   It affects your dexterity (+9).
 s - a +2 cloak (worn)
 G - a scarf of cloud immunity
 N - the +3 plate armour of Okawaru's Whim (worn) {rPois rN+ Dex-3}
   (Okawaru gifted it to you on level 11 of the Dungeon)

   It affects your dexterity (-3).
   It protects you from poison.
   It protects you from negative energy.
 O - a +0 helmet of see invisible (worn)
Jewellery
 a - an uncursed ring of protection from fire
 u - a +2 ring of evasion (left hand)
 W - the amulet "Tiulisir" (around neck) {Acrobat rC+ rN+ Int+4 Dex+4}
   (You acquired it on level 4 of the Lair of Beasts)

   [amulet of the acrobat]

   It helps you evade while moving and waiting.
   It affects your intelligence (+4).
   It affects your dexterity (+4).
   It protects you from cold.
   It protects you from negative energy.
 X - a +6 ring of strength (right hand)
Wands
 t - a wand of enslavement (9)
 x - a wand of digging (5)
 C - a wand of polymorph (24)
 F - a wand of iceblast (14)
 K - a wand of paralysis (4)
 P - a wand of flame (8)
 U - a wand of acid (8)
Scrolls
 d - 4 scrolls of enchant weapon
 h - 12 scrolls of remove curse
 j - 9 scrolls of identify
 k - 3 scrolls of blinking
 o - 5 scrolls of amnesia {unknown}
 p - 2 scrolls of magic mapping
 y - 5 scrolls of noise {unknown}
 z - 8 scrolls of teleportation {unknown}
 B - 6 scrolls of enchant armour {unknown}
 E - 5 scrolls of fear {unknown}
 H - 2 scrolls of summoning {unknown}
 I - a scroll of vulnerability {unknown}
 J - 2 scrolls of fog {unknown}
 V - a scroll of silence {unknown}
Potions
 e - 7 potions of curing
 g - 4 potions of heal wounds
 m - 5 potions of cancellation
 q - 4 potions of brilliance
 r - 7 potions of flight
 v - 2 potions of ambrosia {unknown}
 D - 3 potions of invisibility
 L - 2 potions of magic
 M - 4 potions of mutation {unknown}
 Q - 3 potions of resistance
 S - 6 potions of haste {unknown}
 Y - 2 potions of stabbing {unknown}
Miscellaneous
 w - a lightning rod (4/4)
 Z - a phantom mirror
Comestibles
 f - 31 rations
 l - 28 chunks of flesh


   Skills:
 * Level 15.0 Fighting
 + Level 16.9 Axes
 + Level 4.5 Throwing
 * Level 12.9 Armour
 + Level 2.1 Dodging
 + Level 1.8 Stealth
 * Level 14.5 Shields
 + Level 2.2 Spellcasting
 * Level 6.3 Invocations
 + Level 3.9 Evocations


You had 18 spell levels left.
You didn't know any spells.
Your spell library contained the following spells:

 Spells                   Type           Power        Failure   Level  Hunger
 Apportation              Tloc           #.....       86%         1    ##.....
 Corona                   Hex            #......      86%         1    ##.....
 Magic Dart               Conj           #...         86%         1    ##.....
 Sandblast                Erth           #.....       86%         1    ##.....
 Summon Butterflies       Summ           #.......     86%         1    ##.....
 Ensorcelled Hibernation  Hex/Ice        #.....       94%         2    ###....
 Passwall                 Tmut/Erth      #.......     94%         2    ###....
 Searing Ray              Conj           #.....       94%         2    ###....
 Confusing Touch          Hex            #.......     99%         3    ####...
 Dazzling Flash           Conj/Hex       #.....       99%         3    ####...
 Lesser Beckoning         Tloc           #.........   99%         3    ####...
 Stone Arrow              Conj/Erth      #.....       99%         3    ####...
 Tukima's Dance           Hex            #.......     99%         3    ####...
 Fulminant Prism          Conj/Hex       #.........   100%        4    #####..
 Iskenderun's Mystic Bla  Conj/Tloc      #.......     100%        4    #####..
 Petrify                  Tmut/Erth      #.......     100%        4    #####..
 Alistair's Intoxication  Tmut/Pois      #.......     100%        5    ######.
 Lee's Rapid Deconstruct  Erth           #.........   100%        5    ######.
 Invisibility             Hex            #.......     100%        6    #######


Dungeon Overview and Level Annotations

Branches:
Dungeon (15/15)            Temple (1/1) D:5            Lair (5/6) D:11
  Swamp (1/4) Lair:3       Spider (0/4) Lair:4        Slime (0/5) Lair:5
    Orc (0/2) D:11         Vaults (0/5) D:13         Depths (0/5) D:15
 Bailey (visited)         Volcano (visited)

Altars:
Ashenzari
Cheibriados
Dithmenos
Elyvilon
Fedhas
Gozag
Hepliaklqana
Kikubaaqudgha
Makhleb
Nemelex Xobeh
Okawaru
Qazlal
Ru
Sif Muna
Trog
Uskayaw
Vehumet
Wu Jian
Xom
Yredelemnul
Zin
The Shining One

Shops:
D:5 (   D:6 *   D:11 !   D:15 =

Portals:
Trove: D:14 (give +4 fire dragon scales)

Annotations:
Lair:4 exclusion: 2 oklob plants
Lair:5 exclusion: 4 oklob plants
Swamp:1 Frances; Roxanne


Message History

You hit the oklob plant but do no damage.
The oklob plant is severely damaged.
You hit the oklob plant.
You hit the oklob plant but do no damage.
The oklob plant is heavily damaged.
You hit the oklob plant.
You can now deal lightning-fast blows.
The oklob plant spits acid at you. The splash of acid hits you!
The acid corrodes you!
You are splashed with acid!
The oklob plant spits acid at you. The splash of acid hits you!
The acid corrodes you!
You are splashed with acid!
* * * LOW HITPOINT WARNING * * *
You hit the oklob plant but do no damage.
The oklob plant is heavily damaged.
You hit the oklob plant but do no damage.
The oklob plant spits acid at you. The splash of acid hits you!
* * * LOW HITPOINT WARNING * * *
You are splashed with acid!
You die...

##...#.# #....##
##.....## ##...##
####....# ##....# #
#.)...####.....# P
###...#.##...#.#
.###.........###.#
##..#.........#.##
#...........P#.#######
................@.$.?#
.......P..^....P....P#
......P........P(PPP=#
...#####...)...P!$.[.#
.....# ###..#..P..$.$#
.....## ##....#######
....#.# #.#.## .....##
#..## ....## P.#


You could see 4 oklob plants.

Vanquished Creatures
  Jorgrun (D:12)
  An orc warlord (Bailey)
  A dire elephant (D:15)
  Azrael (D:12)
  Snorg (D:12)
  The ghost of p0werm0de the Cleaver, a journeyman DDFi of Makhleb (D:11)
  The ghost of Flugkiller the Nimble, a journeyman OpWz of Uskayaw (Lair:4)
  5 hydras
  4 vault guards (D:13)
  4 two-headed ogres
  An anaconda (Lair:4)
  8 alligators (Swamp:1)
  A death knight (D:14)
  3 centaur warriors
  Sonja (D:10)
  A hell knight (Volcano)
  A sun demon (Volcano)
  A spriggan druid (Swamp:1)
  4 unseen horrors
  2 swamp dragons (Swamp:1)
  An orc knight (Bailey)
  3 deep elf magi
  3 ugly things
  A moth of wrath (D:11)
  3 cyclopes
  A salamander (D:15)
  4 oklob plants (Lair:3)
  3 manticores
  15 elephants
  A moth of wrath (shapeshifter) (D:14)
  2 molten gargoyles (Volcano)
  7 spiny frogs
  Maggie (D:6)
  A rime drake (Lair:4)
  2 komodo dragons
  2 freezing wraiths (D:14)
  A kobold demonologist (D:7)
  2 tyrant leeches (Swamp:1)
  4 trolls
  2 red devils (Volcano)
  3 hornets (Swamp:1)
  Prince Ribbit (D:7)
  14 slime creatures
  3 meliai (D:15)
  Grinder (D:6)
  A polar bear (Lair:3)
  3 hippogriffs
  4 bog bodies (Swamp:1)
  5 spriggans
  40 yaks
  A tarantella (shapeshifter) (D:14)
  A wraith (D:11)
  4 basilisks
  6 fire bats (Volcano)
  4 fire elementals (D:12)
  2 wyverns
  A hungry ghost (D:11)
  8 swamp worms
  4 water moccasins
  5 hell hounds
  Edmund (D:6)
  3 porcupines
  A swamp drake (Swamp:1)
  3 black bears
  8 sky beasts
  17 orc warriors
  5 ice beasts
  An eye of draining (D:14)
  4 phantoms
  10 ogres
  18 centaurs
  A big kobold (D:10)
  7 crocodiles
  17 bullfrogs
  2 scorpions (Lair:4)
  9 wights
  A howler monkey (D:6)
  7 crimson imps
  3 bullfrog zombies
  3 centaur zombies
  8 lava snakes (Volcano)
  3 hounds
  Crazy Yiuf (D:7)
  9 centaur skeletons
  A gnoll shaman (D:6)
  8 orc priests
  5 jellies
  2 bullfrog skeletons
  5 iguanas
  16 orc wizards
  14 worker ants
  20 adders
  27 gnolls
  3 shadow imps
  3 oozes
  An adder skeleton (D:7)
  An adder zombie (D:9)
  8 worms
  2 dart slugs
  10 leopard geckos
  61 orcs
  4 ball pythons (D:2)
  7 bats
  8 giant cockroaches
  17 goblins
  20 hobgoblins
  13 jackals
  12 kobolds
  8 quokkas
  9 frilled lizards
  A jackal zombie (D:6)
  9 rats
  A fungus (Lair:4)
  5 plants
656 creatures vanquished.

Vanquished Creatures (collateral kills)
  2 orcs (Bailey)
2 creatures vanquished.

Vanquished Creatures (others)
  A wizard (D:13)
  A slime creature (D:12)
  2 fungi (Lair:3)
  23 plants
27 creatures vanquished.

Grand Total: 685 creatures vanquished

Notes
Turn   | Place    | Note
-------+----------+-------------------------------------------
     0 | D:1      | Error4North the Hill Orc Fighter began the quest for the
                  | Orb.
     0 | D:1      | Reached XP level 1. HP: 19/19 MP: 1/1
    80 | D:1      | Reached XP level 2. HP: 27/27 MP: 2/2
    96 | D:1      | Reached XP level 3. HP: 9/33 MP: 3/3
   354 | D:1      | Reached skill level 3 in Axes
  1104 | D:2      | Reached XP level 4. HP: 40/40 MP: 4/4
  1905 | D:3      | Reached XP level 5. HP: 46/46 MP: 5/5
  2383 | D:3      | Reached skill level 4 in Axes
  2421 | D:3      | Reached skill level 5 in Armour
  2421 | D:3      | Reached XP level 6. HP: 43/53 MP: 6/6
  3100 | D:4      | Reached skill level 5 in Shields
  3927 | D:5      | Entered Level 5 of the Dungeon
  3936 | D:5      | Reached XP level 7. HP: 58/60 MP: 7/7
  4018 | D:5      | Found a staircase to the Ecumenical Temple.
  4149 | D:5      | Reached skill level 5 in Axes
  4739 | D:5      | Reached XP level 8. HP: 65/67 MP: 8/8
  4781 | D:5      | Reached skill level 6 in Axes
  4801 | Temple   | Entered the Ecumenical Temple
  4808 | Temple   | Became a worshipper of Warmaster Okawaru
  4888 | D:5      | Reached skill level 5 in Fighting
  4974 | D:5      | Found Icad's Weapon Shoppe.
  5064 | D:5      | Reached skill level 1 in Dodging
  5115 | D:6      | Reached skill level 7 in Axes
  5380 | D:6      | Noticed Edmund
  5390 | D:6      | Killed Edmund
  5418 | D:6      | Reached skill level 1 in Stealth
  5474 | D:6      | Reached * piety under Okawaru
  5514 | D:6      | Noticed Grinder
  5571 | D:6      | Killed Grinder
  5571 | D:6      | Reached skill level 8 in Axes
  5571 | D:6      | Reached skill level 1 in Invocations
  5571 | D:6      | Reached XP level 9. HP: 48/74 MP: 9/9
  5711 | D:6      | Found Byen Podia's General Store.
  5718 | D:6      | Bought a scroll of remove curse for 36 gold pieces
  5756 | D:6      | Reached skill level 1 in Evocations
  5951 | D:6      | Reached skill level 1 in Spellcasting
  6050 | D:6      | Reached ** piety under Okawaru
  6145 | D:6      | Noticed Maggie
  6165 | D:6      | Killed Maggie
  6478 | D:7      | Noticed Prince Ribbit
  6487 | D:7      | Killed Prince Ribbit
  6780 | D:7      | Noticed a kobold demonologist
  6808 | D:7      | Killed a kobold demonologist
  6808 | D:7      | Reached skill level 9 in Axes
  6808 | D:7      | Reached XP level 10. HP: 69/84 MP: 9/12
  6848 | D:7      | Found a runed translucent door.
  6849 | D:7      | Noticed Crazy Yiuf
  6854 | D:7      | Killed Crazy Yiuf
  6854 | D:7      | Reached *** piety under Okawaru
  6966 | D:7      | Received a gift from Okawaru
  7005 | D:7      | Got an ancient chain mail
  7006 | D:7      | Identified the +0 chain mail "Baukh" {MR+ Regen+ Int+2}
                  | (You found it on level 7 of the Dungeon)
  7699 | D:8      | Found a white marble altar of Elyvilon.
  7840 | D:9      | Found a blossoming altar of Fedhas.
  7841 | D:9      | Found a shattered altar of Ashenzari.
  7846 | D:9      | Found a hide-covered altar of Uskayaw.
  7878 | D:9      | Found a faded altar of an unknown god.
  7878 | D:9      | Found an ancient bone altar of Kikubaaqudgha.
  7884 | D:9      | Found a glowing silver altar of Zin.
  7886 | D:9      | Found a sacrificial altar of Ru.
  7887 | D:9      | Found a faded altar of an unknown god.
  8026 | D:9      | Reached skill level 10 in Axes
  8063 | D:9      | Found a basalt altar of Yredelemnul.
  8161 | D:9      | Reached **** piety under Okawaru
  8582 | D:10     | Entered Level 10 of the Dungeon
  8934 | D:10     | Reached skill level 11 in Axes
  8938 | D:10     | Reached XP level 11. HP: 56/93 MP: 11/14
  8940 | D:10     | Received a gift from Okawaru
  9048 | D:10     | Found a hazy altar of Hepliaklqana.
  9159 | D:10     | Noticed Sonja
  9171 | D:10     | Killed Sonja
  9171 | D:10     | Reached ***** piety under Okawaru
  9586 | D:11     | Found a staircase to the Lair.
  9831 | D:11     | Received a gift from Okawaru
  9832 | D:11     | Got a dazzling plate armour {god gift}
  9855 | D:11     | Reached skill level 12 in Axes
  9911 | D:10     | Identified the +3 plate armour of Okawaru's Whim {rPois rN+
                  | Dex-3} (Okawaru gifted it to you on level 11 of the
                  | Dungeon)
  9957 | D:11     | Found Raff's Distillery.
  9964 | D:11     | Noticed a cyclops
  9980 | D:11     | Killed a cyclops
  9980 | D:11     | Reached skill level 10 in Shields
  9983 | D:11     | Bought a potion of cancellation for 96 gold pieces
 10101 | D:11     | Noticed a moth of wrath
 10108 | D:11     | Found a transporter.
 10108 | D:11     | Noticed p0werm0de's ghost (journeyman DDFi)
 10109 | D:11     | Found a bloodstained altar of Trog.
 10109 | D:11     | Noticed a cyclops
 10110 | D:11     | Noticed a two-headed ogre
 10133 | D:11     | Found a transporter.
 10420 | D:11     | Found a staircase to the Orcish Mines.
 10631 | D:12     | Noticed an eight-headed hydra
 10647 | D:11     | Killed a one-headed hydra
 10833 | D:12     | Noticed Jorgrun
 10882 | Lair:1   | Entered Level 1 of the Lair of Beasts
 11652 | Lair:2   | Reached skill level 1 in Throwing
 11652 | Lair:2   | Reached XP level 12. HP: 74/105 MP: 7/15
 11655 | Lair:2   | Reached skill level 10 in Armour
 11664 | Lair:2   | Reached skill level 13 in Axes
 12528 | Lair:2   | Received a gift from Okawaru
 12528 | Lair:2   | Reached skill level 10 in Fighting
 12532 | Lair:2   | Got a twisted war axe {god gift}
 12549 | Lair:2   | Identified the +6 war axe "Beetleslayer" {speed, Dex+3
                  | SInv} (Okawaru gifted it to you on level 2 of the Lair of
                  | Beasts)
 12829 | Lair:3   | Found a basalt altar of Yredelemnul.
 13153 | Lair:3   | Noticed a five-headed hydra
 13158 | Lair:3   | Noticed a four-headed hydra
 13163 | Lair:3   | Reached skill level 14 in Axes
 13184 | Lair:3   | Killed a one-headed hydra
 13194 | Lair:3   | Killed a five-headed hydra
 13468 | Lair:3   | Found a staircase to the Swamp.
 13481 | Swamp:1  | Entered Level 1 of the Swamp
 13488 | Swamp:1  | Noticed a four-headed hydra
 13497 | Swamp:1  | Killed a one-headed hydra
 13520 | Swamp:1  | Received a gift from Okawaru
 13520 | Swamp:1  | Reached XP level 13. HP: 111/116 MP: 16/16
 13589 | Swamp:1  | Reached ****** piety under Okawaru
 13710 | Swamp:1  | Received a gift from Okawaru
 13713 | Swamp:1  | Got a dazzling chain mail {god gift}
 13714 | Swamp:1  | Identified the +6 chain mail of the Kettle-Drum {rC+ rCorr
                  | Int+6} (Okawaru gifted it to you on level 1 of the Swamp)
 14392 | Swamp:1  | Identified Roxanne's Grimoire of Shape Shifting
 14392 | Swamp:1  | Noticed Roxanne
 14518 | Swamp:1  | Reached skill level 15 in Axes
 14936 | Swamp:1  | Noticed Frances
 15356 | Lair:4   | Found a dark tunnel.
 15364 | Volcano  | Entered a volcano
 15571 | Volcano  | Found a burning altar of Makhleb.
 15698 | Volcano  | Received a gift from Okawaru
 15707 | Volcano  | Got a pair of ancient gloves
 15719 | Volcano  | Identified the +3 pair of gloves of the Pit {*Slow rElec
                  | rC+++ Regen+} (You found it in a volcano)
 15733 | Volcano  | Got a brightly glowing morningstar
 15734 | Volcano  | Identified the +7 morningstar of Infinite Pain {antimagic,
                  | +Inv Str+7} (You found it in a volcano)
 15899 | Lair:4   | Reached XP level 14. HP: 122/127 MP: 17/17
 16023 | Lair:4   | Found a runed translucent door.
 16024 | Lair:4   | Noticed Flugkiller's ghost (journeyman OpWz)
 16028 | Lair:4   | Identified a scroll of acquirement
 16028 | Lair:4   | Identified the amulet "Tiulisir" {Acrobat rC+ rN+ Int+4
                  | Dex+4} (You acquired it on level 4 of the Lair of Beasts)
 16045 | Lair:4   | Killed Flugkiller's ghost
 16087 | Lair:4   | Found a hole to the Spider Nest.
 17200 | D:12     | Noticed Azrael
 17245 | D:12     | Killed Azrael
 17245 | D:12     | Received a gift from Okawaru
 17259 | D:12     | Got a pair of twisted boots {god gift}
 17295 | D:12     | Identified the +2 pair of boots "Noli" {Dex+9} (Okawaru
                  | gifted it to you on level 12 of the Dungeon)
 17417 | D:12     | Noticed Snorg
 17430 | D:12     | Killed Snorg
 17647 | D:12     | Killed Jorgrun
 17873 | D:12     | Reached skill level 16 in Axes
 18300 | D:13     | Found a bloodstained altar of Trog.
 18584 | D:13     | Found a gate to the Vaults.
 19112 | D:14     | Reached skill level 5 in Invocations
 19184 | D:14     | Received a gift from Okawaru
 19198 | D:14     | Received a gift from Okawaru
 19198 | D:14     | Reached XP level 15. HP: 125/138 MP: 18/18
 19199 | D:14     | Found the +14 obsidian axe {vorpal, +Fly SInv *Curse}
 19321 | D:14     | Found a portal to a secret trove of treasure.
 19329 | D:14     | Found a flagged portal.
 19338 | Bailey   | Entered a bailey
 19564 | Bailey   | Noticed an orc warlord
 19601 | Bailey   | Killed an orc warlord
 20125 | D:15     | Entered Level 15 of the Dungeon
 20393 | D:15     | Found a staircase to the Depths.
 20412 | D:15     | Received a gift from Okawaru
 20492 | D:15     | Got an ancient war axe
 20493 | D:15     | Identified the +1 war axe "Xicio" {protect, rF+ rC+ Dex+2}
                  | (You found it on level 15 of the Dungeon)
 21091 | D:15     | Found Veegaij's Jewellery Boutique.
 21406 | D:11     | Killed p0werm0de's ghost
 21416 | D:11     | Received a gift from Okawaru
 21500 | D:11     | Bought a potion of degeneration for 12 gold pieces
 23050 | Lair:5   | Found a staircase to the Slime Pits.
 23186 | Lair:5   | Reached skill level 15 in Fighting
 23311 | Lair:5   | Splashed by an oklob plant's acid

Levels and vault maps discovered:
D:1:      zaba_arrival_water, layout_basic
D:2:      layout_loops_corners, st_stairs_14, corexii_shack
D:3:      layout_loops_cross, minmay_fractal_squares_5
D:4:      layout_gridville, small_statue_intersection
D:5:      layout_basic, minmay_temple_entry_proselytizer, serial_shops, shop,
          first_ration
D:6:      black_bear_nest_1, layout_gridville, serial_shops, kennysheep_mini,
          uniq_grinder, uniq_edmund, uniq_maggie
D:7:      layout_basic, the_bakery, lightli_corner_chamber, uniq_prince_ribbit1,
          uniq_crazy_yiuf_cottage
D:8:      layout_basic, old_standard_altar, nicolae_benzene_ring,
          hangedman_decor_lopped
D:9:      layout_roguey, chequers_temple_overflow_minitemple,
          gammafunk_temple_overflow_forgotten, serial_glass, glass_columns_a,
          glass_columns_b, basic_altar
D:10:     layout_basic, basic_altar, uniq_sonja
D:11:     nicolae_whirlpool, layout_cave_pools, lair_entry_dummy,
          gammafunk_ghost_wrathful_warriors, serial_shops, shop
D:12:     layout_basic, uniq_azrael, uniq_snorg, uniq_jorgrun
D:13:     layout_basic, lightli_vaults_fourway_checkpoint, minivault_4,
          trog_wizard
D:14:     minmay_blocky_corners, layout_basic, enter_bailey_2,
          infiniplex_staircase_zigzag_3, enter_trove_2
D:15:     hangedman_depths_entry_try_elsewhere_first, layout_basic,
          serial_shops, shop
Temple:   eino_wide_crystal_templ
Lair:1:   layout_cave_pods, chequers_serial_rivers_small_a,
          chequers_serial_rivers_room_a
Lair:2:   layout_gridlike, wad_woods_road_01, grunt_megastairs_4
Lair:3:   minmay_lair_oklob_tunnel, layout_misc_corridors,
          palyth_hydra_swamp_entry, basic_altar
Lair:4:   dpeg_oklob_gauntlet, layout_regular_city,
          nicolae_spider_entry_non_spiders, nicolae_volcano_entry_hallway,
          ebering_ghost_inner_flame, lemuel_fruit_tree
Lair:5:   layout_layer_cave, minmay_slime_entry_pillars,
          minmay_lair_oklob_chamber, grunt_megastairs_5, uniq_josephine
Swamp:1:  layout_falls_marsh, evilmike_swamp_ruin_house_1, swamp_pool1,
          nicolae_swamp_alligator_family, infiniplex_staircase_pool_2,
          uniq_roxanne, uniq_frances

Skill      XL: |  1  2  3  4  5  6  7  8  9 10 11 12 13 14 15 |
---------------+----------------------------------------------+-----
Fighting       | 4 5 6 7 9 11 12 14 15 | 15.0
Axes           | 3 4 5 8 9 11 12 14 15 16 | 16.9
Armour         | 4 5 6 7 8 9 10 11 12 | 12.9
Shields        | 4 5 6 7 8 9 10 11 12 13 14 | 14.5
Dodging        | 1 2 |  2.1
Stealth        | 1 |  1.8
Invocations    | 1 2 3 5 6 |  6.3
Evocations     | 3 |  3.9
Spellcasting   | 1 2 |  2.2
Throwing       | 1 2 3 4 |  4.5

Action                   |  1- 3 |  4- 6 |  7- 9 | 10-12 | 13-15 || total
-------------------------+-------+-------+-------+-------+-------++-------
Melee: War axe           |   124 |   310 |   393 |   643 |   984 ||  2454
Throw: Boomerang         |       |       |       |    41 |    97 ||   138
Invok: Heroism           |       |       |     2 |     9 |    10 ||    21
       Finesse           |       |       |       |     2 |     3 ||     5
Evoke: Wand              |       |       |       |     1 |    11 ||    12
       Lightning rod     |       |       |       |       |     4 ||     4
       Phantom mirror    |       |       |       |       |     1 ||     1
  Use: Potion            |       |     1 |     6 |     1 |     3 ||    11
       Scroll            |       |       |     2 |     8 |    17 ||    27
 Stab: Invisible         |       |       |    10 |       |       ||    10
  Eat: Chunk             |     1 |     6 |     7 |    15 |    15 ||    44
       Ration            |       |     1 |     1 |     2 |     5 ||     9
Armor: Scale mail        |    58 |       |       |       |       ||    58
       Chain mail        |       |   193 |   199 |   140 |       ||   532
       Plate armour      |       |       |       |   145 |   244 ||   389
       Skin              |       |       |       |       |     7 ||     7
Dodge: Dodged            |    30 |    85 |   168 |   239 |   244 ||   766
Block: Kite shield       |    55 |   195 |   214 |   393 |   458 ||  1315

Table legend:
 A = Non-vault XP
 B = Vault XP
 C = Vault XP percentage of total XP
 D = Non-vault monster count
 E = Vault monster count
 F = Vault count percentage of total count
                 A         B        C        D         E       F
            +---------+---------+-------+---------+---------+-------
      Total |   63675 |   48617 |  43.3 |     459 |     193 |  29.6
            +---------+---------+-------+---------+---------+-------
        D:1 |      53 |       0 |   0.0 |      21 |       0 |   0.0
        D:2 |      98 |       3 |   3.0 |      30 |       2 |   6.2
        D:3 |     229 |      18 |   7.3 |      36 |       4 |  10.0
        D:4 |     194 |       0 |   0.0 |      12 |       0 |   0.0
        D:5 |     987 |      38 |   3.7 |      25 |       1 |   3.8
        D:6 |    1110 |     936 |  45.7 |      29 |       4 |  12.1
        D:7 |    1106 |     824 |  42.7 |      18 |       5 |  21.7
        D:8 |     370 |       0 |   0.0 |       8 |       0 |   0.0
        D:9 |    1864 |       0 |   0.0 |      33 |       0 |   0.0
       D:10 |    3300 |     827 |  20.0 |      43 |       1 |   2.3
       D:11 |    4255 |    4188 |  49.6 |      24 |      11 |  31.4
       D:12 |    6261 |    6774 |  52.0 |      37 |      11 |  22.9
       D:13 |    3738 |    7064 |  65.4 |      21 |      12 |  36.4
       D:14 |    4533 |    3032 |  40.1 |      12 |       7 |  36.8
       D:15 |    5001 |    2743 |  35.4 |      15 |       4 |  21.1
     Lair:1 |    2097 |       0 |   0.0 |      10 |       0 |   0.0
     Lair:2 |    4503 |     188 |   4.0 |      16 |       2 |  11.1
     Lair:3 |    4161 |    5344 |  56.2 |      20 |      13 |  39.4
     Lair:4 |    3826 |    2182 |  36.3 |      12 |      10 |  45.5
     Lair:5 |    3562 |    2291 |  39.1 |       8 |      12 |  60.0
    Swamp:1 |   12427 |    2626 |  17.4 |      29 |       3 |   9.4
     Bailey |       0 |    4196 | 100.0 |       0 |      69 | 100.0
    Volcano |       0 |    5343 | 100.0 |       0 |      22 | 100.0
            +---------+---------+-------+---------+---------+-------
